General information
- name: BNet
- type: Ladder team game (AT/RT)
- host: Battle.net
- saver: Wc3AFKRoulette
map: MarketSquare
- players: 8
- length: 16:16
- speed: Fast
- version: 1.28 W3XP
- replay type: Public
» download(111 KB)
Players
team 1 (winner)

»
asdflasdflkajsd (
blue | 80 APM | 1294 actions | 16:15)
4 Blademaster
2 Wind Walk
2 Critical Strike
4 Shadow Hunter
2 Hex
2 Healing Wave
» actions
| Assign group hotkey | 10 | |
| Build / train | 56 | |
| Enter build submenu | 21 | |
| Enter hero's abilities submenu | 9 | |
| Right click | 634 | |
| Select / deselect | 187 | |
| Select group hotkey | 305 | |
| Use ability | 72 | |
1294 total
» units
» upgrades
| Ranged Weapons | 2 | |
| Armor | 2 | |
| Reinforced Defenses | 1 | |
| Envenomed Spears | 1 | |
6 total
» buildings
| Altar of Storms | 1 | |
| Orc Burrow | 5 | |
| Voodoo Lounge | 1 | |
| Stronghold | 2 | |
| War Mill | 1 | |
| Beastiary | 2 | |
| Fortress | 1 | |
| Great Hall | 1 | |
| Watch Tower | 10 | |
24 total
» build order
00:07 Altar of Storms
00:11 Orc Burrow
00:49 Voodoo Lounge
02:30 Stronghold
02:30 Stronghold
02:54 Orc Burrow
03:38 Orc Burrow
04:06 Orc Burrow
04:22 War Mill
05:31 Beastiary
05:33 Beastiary
08:43 Fortress
09:43 Orc Burrow
10:51 Great Hall
10:54 Watch Tower
10:56 Watch Tower
12:45 Watch Tower
12:47 Watch Tower
13:49 Watch Tower
13:51 Watch Tower
14:55 Watch Tower
14:57 Watch Tower
16:02 Watch Tower
16:04 Watch Tower
» items
| Healing Salve | 2 | |
| Lesser Clarity Potion | 4 | |
| Scroll of Town Portal | 2 | |
| Potion of Lesser Invulnerability | 2 | |
| Scroll of Healing | 2 | |
12 total
Wc3AFKRoulette (
pink | 63 APM | 1020 actions | 16:16)
5 Blood Mage
3 Flame Strike
2 Siphon Mana
» actions
| Assign group hotkey | 26 | |
| Basic commands | 11 | |
| Build / train | 81 | |
| Enter build submenu | 37 | |
| Enter hero's abilities submenu | 5 | |
| Give item / drop item | 3 | |
| Remove unit from queue | 4 | |
| Right click | 436 | |
| Select / deselect | 247 | |
| Select group hotkey | 88 | |
| Use ability | 82 | |
1020 total
» units
| Peasant | 21 | |
| Footman | 12 | |
| Sorceress | 10 | |
43 total
» upgrades
| Lumber Harvesting | 2 | |
| Masonry | 3 | |
| Sorceress Training | 2 | |
| Magic Sentry | 1 | |
8 total
» buildings
| Altar of Kings | 1 | |
| Barracks | 1 | |
| Farm | 5 | |
| Scout Tower | 25 | |
| Arcane Tower | 2 | |
| Arcane Vault | 1 | |
| Keep | 1 | |
| Lumber Mill | 1 | |
| Town Hall | 1 | |
| Guard Tower | 6 | |
| Arcane Sanctum | 1 | |
| Castle | 1 | |
46 total
» build order
00:51 Altar of Kings
00:53 Barracks
00:55 Farm
00:56 Farm
01:06 Farm
01:07 Farm
01:50 Scout Tower
02:20 Arcane Tower
03:21 Arcane Vault
03:42 Keep
03:51 Lumber Mill
04:53 Town Hall
04:56 Scout Tower
04:56 Scout Tower
04:57 Scout Tower
04:58 Scout Tower
05:29 Guard Tower
06:35 Arcane Sanctum
07:04 Scout Tower
07:04 Scout Tower
07:08 Scout Tower
07:09 Scout Tower
07:10 Scout Tower
07:10 Scout Tower
07:45 Guard Tower
08:24 Guard Tower
08:36 Guard Tower
09:35 Guard Tower
10:20 Scout Tower
10:21 Scout Tower
10:21 Scout Tower
10:22 Scout Tower
10:24 Castle
11:22 Guard Tower
11:28 Scout Tower
11:28 Scout Tower
11:29 Scout Tower
11:29 Scout Tower
12:00 Guard Tower
12:01 Scout Tower
12:01 Scout Tower
12:33 Scout Tower
12:34 Scout Tower
12:35 Scout Tower
12:36 Scout Tower
12:40 Guard Tower
14:17 Arcane Tower
14:23 Farm
» items
| Scroll of Regeneration | 2 | |
| Mechanical Critter | 1 | |
| Boots of Speed | 1 | |
| Staff of Teleportation | 1 | |
| Periapt of Vitality | 1 | |
| Healing Salve | 1 | |
| Potion of Invisibility | 2 | |
| Lesser Clarity Potion | 1 | |
10 total

»
snakeplisken (
teal | 44 APM | 708 actions | 16:15)
5 Blademaster
2 Wind Walk
3 Critical Strike
2 Goblin Alchemist
1 Acid Bomb
1 Chemical Rage
1 Tauren Chieftain
1 Endurance Aura
» actions
| Assign group hotkey | 10 | |
| Basic commands | 67 | |
| Build / train | 69 | |
| Enter build submenu | 16 | |
| Enter hero's abilities submenu | 8 | |
| Give item / drop item | 4 | |
| Right click | 282 | |
| Select / deselect | 141 | |
| Select group hotkey | 58 | |
| Use ability | 53 | |
708 total
» units
| Peon | 16 | |
| Grunt | 1 | |
| Troll Headhunter/Berserker | 10 | |
| Kobold Geomancer | 4 | |
| Forest Troll High Priest | 3 | |
34 total
» upgrades
| Ranged Weapons | 2 | |
| Armor | 1 | |
| Melee Weapons | 2 | |
| Berserker Strength | 1 | |
| Troll Regeneration | 1 | |
| Shaman Training | 1 | |
| Berserker Upgrade | 1 | |
9 total
» buildings
| Orc Burrow | 6 | |
| Altar of Storms | 1 | |
| Voodoo Lounge | 1 | |
| Barracks | 2 | |
| War Mill | 1 | |
| Stronghold | 1 | |
| Great Hall | 2 | |
| Fortress | 1 | |
| Spirit Lodge | 2 | |
| Tauren Totem | 1 | |
18 total
» build order
00:08 Orc Burrow
00:10 Altar of Storms
01:24 Voodoo Lounge
01:35 Orc Burrow
02:13 Barracks
02:20 War Mill
02:38 Barracks
03:04 Orc Burrow
03:51 Orc Burrow
06:45 Stronghold
07:32 Great Hall
09:46 Fortress
12:35 Spirit Lodge
12:37 Spirit Lodge
12:42 Tauren Totem
14:19 Orc Burrow
14:21 Orc Burrow
15:14 Great Hall
» items
| Healing Salve | 2 | |
| Scroll of Speed | 3 | |
| Potion of Healing | 3 | |
| Scroll of Town Portal | 3 | |
| Orb of Lightning | 1 | |
12 total
imnotblue (
yellow | 69 APM | 1124 actions | 16:15)
6 Blademaster
2 Wind Walk
3 Critical Strike
1 Bladestorm
» actions
| Assign group hotkey | 21 | |
| Basic commands | 20 | |
| Build / train | 49 | |
| Enter build submenu | 13 | |
| Enter hero's abilities submenu | 6 | |
| Right click | 350 | |
| Select / deselect | 165 | |
| Select group hotkey | 459 | |
| Use ability | 41 | |
1124 total
» units
| Peon | 11 | |
| Grunt | 10 | |
| Shaman | 1 | |
| Troll Witch Doctor | 2 | |
| Tauren | 4 | |
28 total
» upgrades
| Armor | 1 | |
| Witch Doctor Training | 2 | |
| Shaman Training | 2 | |
| Melee Weapons | 2 | |
| Pulverize | 1 | |
8 total
» buildings
| Altar of Storms | 1 | |
| Orc Burrow | 4 | |
| Barracks | 1 | |
| Stronghold | 1 | |
| Voodoo Lounge | 1 | |
| War Mill | 1 | |
| Fortress | 1 | |
| Spirit Lodge | 2 | |
| Tauren Totem | 2 | |
14 total
» build order
00:12 Altar of Storms
00:19 Orc Burrow
00:40 Barracks
01:25 Orc Burrow
03:06 Stronghold
03:46 Orc Burrow
04:00 Voodoo Lounge
04:20 War Mill
05:39 Fortress
05:43 Spirit Lodge
05:48 Spirit Lodge
06:25 Orc Burrow
08:19 Tauren Totem
08:22 Tauren Totem
» items
| Orb of Lightning | 1 | |
| Scroll of Town Portal | 2 | |
| Boots of Speed | 1 | |
4 total
team 2 (loser)
n00bs (
purple | 31 APM | 501 actions | 16:12)
2 Paladin
1 Holy Light
1 Devotion Aura
» actions
| Assign group hotkey | 2 | |
| Basic commands | 5 | |
| Build / train | 54 | |
| Enter build submenu | 29 | |
| Enter hero's abilities submenu | 2 | |
| Remove unit from queue | 2 | |
| Right click | 203 | |
| Select / deselect | 170 | |
| Select group hotkey | 1 | |
| Use ability | 33 | |
501 total
» units
» upgrades
| Lumber Harvesting | 1 | |
| Storm Hammers | 1 | |
| Swords | 2 | |
4 total
» buildings
| Farm | 13 | |
| Altar of Kings | 1 | |
| Scout Tower | 7 | |
| Lumber Mill | 1 | |
| Keep | 1 | |
| Guard Tower | 7 | |
| Castle | 1 | |
| Gryphon Aviary | 2 | |
| Blacksmith | 1 | |
| Town Hall | 1 | |
35 total
» build order
00:14 Farm
00:24 Altar of Kings
00:50 Scout Tower
01:23 Farm
01:34 Lumber Mill
02:03 Keep
02:23 Farm
03:00 Scout Tower
03:13 Guard Tower
03:29 Farm
03:30 Guard Tower
04:12 Scout Tower
04:24 Castle
04:39 Farm
04:41 Guard Tower
05:18 Farm
05:26 Gryphon Aviary
05:55 Farm
06:02 Gryphon Aviary
06:37 Scout Tower
07:13 Guard Tower
07:13 Guard Tower
07:24 Farm
07:37 Blacksmith
08:09 Farm
09:05 Town Hall
10:04 Farm
10:53 Farm
11:31 Farm
12:16 Farm
14:53 Scout Tower
15:20 Scout Tower
15:21 Guard Tower
15:54 Guard Tower
15:58 Scout Tower

»
MichaelBtchNigr (
orange | 54 APM | 879 actions | 16:14)
3 Death Knight
1 Death Coil
1 Death Pact
1 Unholy Aura
1 Lich
1 Frost Nova
» actions
| Assign group hotkey | 25 | |
| Basic commands | 22 | |
| Build / train | 70 | |
| Enter build submenu | 17 | |
| Enter hero's abilities submenu | 4 | |
| Right click | 402 | |
| Select / deselect | 192 | |
| Select group hotkey | 100 | |
| Use ability | 47 | |
879 total
» units
| Acolyte | 22 | |
| Ghoul | 4 | |
| Crypt Fiend | 6 | |
| Gargoyle | 6 | |
38 total
» upgrades
| Creature Attack | 2 | |
| Web | 1 | |
| Creature Carapace | 1 | |
4 total
» buildings
| Altar of Darkness | 1 | |
| Ziggurat | 11 | |
| Crypt | 1 | |
| Graveyard | 1 | |
| Nerubian Tower | 2 | |
| Tomb of Relics | 1 | |
| Spirit Tower | 11 | |
| Halls of the Dead | 1 | |
| Necropolis | 1 | |
| Black Citadel | 2 | |
32 total
» build order
00:08 Altar of Darkness
00:16 Ziggurat
00:44 Crypt
01:07 Graveyard
01:24 Ziggurat
01:34 Nerubian Tower
02:07 Tomb of Relics
03:01 Spirit Tower
04:29 Halls of the Dead
05:47 Ziggurat
05:55 Necropolis
07:26 Ziggurat
07:31 Ziggurat
08:19 Spirit Tower
08:28 Spirit Tower
09:19 Black Citadel
09:25 Ziggurat
09:28 Ziggurat
09:30 Ziggurat
10:15 Ziggurat
10:18 Ziggurat
10:21 Ziggurat
10:47 Spirit Tower
10:47 Spirit Tower
10:48 Spirit Tower
12:17 Nerubian Tower
12:42 Spirit Tower
13:05 Black Citadel
13:26 Spirit Tower
14:16 Spirit Tower
14:28 Spirit Tower
14:43 Spirit Tower
» items
| Rod of Necromancy | 2 | |
| Potion of Healing | 1 | |
| Scroll of Town Portal | 3 | |
6 total
Jstrizz21 (
red | 57 APM | 929 actions | 16:09)
3 Mountain King
2 Storm Bolt
1 Bash
» actions
| Assign group hotkey | 9 | |
| Basic commands | 1 | |
| Build / train | 54 | |
| Enter build submenu | 22 | |
| Enter hero's abilities submenu | 3 | |
| Right click | 518 | |
| Select / deselect | 196 | |
| Select group hotkey | 88 | |
| Use ability | 38 | |
929 total
» units
| Peasant | 20 | |
| Footman | 6 | |
| Sorceress | 5 | |
| Priest | 5 | |
| Rifleman | 4 | |
40 total
» upgrades
| Lumber Harvesting | 1 | |
| Gunpowder | 1 | |
2 total
» buildings
| Altar of Kings | 1 | |
| Farm | 11 | |
| Barracks | 1 | |
| Scout Tower | 2 | |
| Lumber Mill | 1 | |
| Arcane Tower | 1 | |
| Arcane Vault | 1 | |
| Keep | 1 | |
| Guard Tower | 1 | |
| Arcane Sanctum | 2 | |
| Blacksmith | 1 | |
| Castle | 1 | |
24 total
» build order
00:19 Altar of Kings
00:28 Farm
00:46 Barracks
01:04 Farm
01:43 Farm
01:57 Scout Tower
02:10 Lumber Mill
02:27 Arcane Tower
02:35 Farm
02:41 Farm
03:09 Arcane Vault
05:08 Keep
05:44 Farm
05:48 Scout Tower
07:25 Guard Tower
07:27 Farm
07:28 Farm
07:36 Arcane Sanctum
07:40 Arcane Sanctum
08:46 Blacksmith
09:04 Farm
09:04 Farm
09:06 Castle
10:53 Farm
» items
| Scroll of Town Portal | 2 | |
| Scroll of Regeneration | 1 | |
| Potion of Healing | 1 | |
4 total

»
Dictator (
green | 35 APM | 337 actions | 09:38)
2 Death Knight
1 Death Coil
1 Unholy Aura
» actions
| Basic commands | 115 | |
| Build / train | 34 | |
| ESC pressed | 7 | |
| Enter build submenu | 16 | |
| Enter hero's abilities submenu | 2 | |
| Remove unit from queue | 2 | |
| Right click | 4 | |
| Select / deselect | 122 | |
| Use ability | 35 | |
337 total
» units
| Acolyte | 3 | |
| Ghoul | 14 | |
| Crypt Fiend | 3 | |
20 total
» upgrades
| Cannibalize | 1 | |
| Creature Attack | 1 | |
| Web | 1 | |
| Creature Carapace | 1 | |
4 total
» buildings
| Crypt | 1 | |
| Altar of Darkness | 1 | |
| Ziggurat | 5 | |
| Graveyard | 1 | |
| Tomb of Relics | 1 | |
| Nerubian Tower | 1 | |
| Halls of the Dead | 1 | |
| Necropolis | 1 | |
| Black Citadel | 1 | |
| Sacrificial Pit | 1 | |
14 total
» build order
00:16 Crypt
00:20 Altar of Darkness
00:37 Ziggurat
01:01 Ziggurat
01:37 Graveyard
01:55 Tomb of Relics
03:19 Nerubian Tower
04:15 Ziggurat
05:33 Halls of the Dead
07:12 Necropolis
08:26 Black Citadel
08:34 Sacrificial Pit
08:43 Ziggurat
08:45 Ziggurat
» items
| Rod of Necromancy | 1 | |
| Dust of Appearance | 1 | |
2 total
Chat log
(00:23 / Allies) Wc3AFKRoulette: anyone see their races?
(00:30 / Allies) imnotblue: no
(00:44 / Allies) imnotblue: 3 orc
(00:48 / Allies) imnotblue: me bm tauren
(09:43 / Allies) Wc3AFKRoulette: lol
(10:12 / Allies) imnotblue: who aa
(12:57 / Allies) imnotblue: get tanks pink
(15:03 / Allies) imnotblue: get tanks
(15:06 / Allies) Wc3AFKRoulette: why?
(15:16 / Allies) imnotblue: we will need good aa
(15:31 / Allies) Wc3AFKRoulette: they are finished
(15:54 / Allies) imnotblue: dam 2 inferno\
(16:10 / Allies) imnotblue: lets hit